 Dungeon Crawl Stone Soup version 0.28.0-45-g0d030f2227 (webtiles) character file.

Game seed: 14425487232226621399

2402 pkoi the Zephyrmancer (level 9, -1/70 HPs)
             Began as a Demigod Air Elementalist on Apr 11, 2022.
             Slain by an orc warlord
             ... wielding a +0 war axe
              (31 damage)
             ... in a bailey.
             The game lasted 00:15:45 (14652 turns).

pkoi the Zephyrmancer (Demigod Air Elementalist)   Turns: 14652, Time: 00:15:45

Health: -1/70      AC:  5    Str:  9    XL:     9   Next: 3%
Magic:  19/19      EV: 21    Int: 29    God:
Gold:   345        SH:  0    Dex: 14    Spells: 3/16 levels left

rFire   . . .      SeeInvis .   p - +2 dagger (venom)
rCold   . . .      Faith    .   (no shield)
rNeg    . . .      Spirit   .   a - +1 robe
rPois   .          Reflect  .   r - +2 hat
rElec   .          Harm     .   e - scarf {repulsion}
rCorr   .          Rampage  .   (no gloves)
Will    .....                   (no boots)
Stlth   ++........              (no amulet)
HPRegen 0.21/turn               q - +4 ring of evasion
MPRegen 0.16/turn               s - +4 ring of evasion

@: repel missiles
A: high MP 1, forlorn, divine attributes
a: no special abilities


You were in a bailey.
You visited 2 branches of the dungeon, and saw 9 of its levels.
You also visited: Bailey.

You collected 345 gold pieces.

Inventory:

Hand Weapons
 l - a +2 short sword of electrocution
 p - a +2 dagger of venom (weapon)
Missiles
 h - 6 atropa-tipped darts
 i - 4 javelins
 x - a throwing net
 z - 15 boomerangs
Armour
 a - a +1 robe (worn)
 e - a scarf of repulsion (worn)
 o - a +10 plate armour of ponderousness
 r - a +2 hat (worn)
Jewellery
 b - a ring of ice
 g - a ring of poison resistance
 q - a +4 ring of evasion (left hand)
 s - a +4 ring of evasion (right hand)
 w - a ring of see invisible
Wands
 j - a wand of polymorph (2)
 k - a wand of digging (10)
 t - a wand of acid (14)
 u - a wand of paralysis (7)
Scrolls
 d - a scroll of acquirement
 y - a scroll of amnesia
 D - a scroll of brand weapon
Potions
 c - a potion of flight
 f - 2 potions of magic
 m - a potion of heal wounds
 n - a potion of brilliance
 A - 3 potions of might {unknown}
 C - a potion of haste {unknown}


   Skills:
 + Level 3.2 Fighting
 + Level 3.8 Dodging
 - Level 1.7 Stealth
 + Level 4.4 Spellcasting
 + Level 4.6 Conjurations
 + Level 0.0 Transmutations
 + Level 0.0 Fire Magic
 + Level 8.4 Air Magic
 + Level 0.0 Poison Magic


You had 3 spell levels left.
You knew the following spells:

 Your Spells              Type           Power      Damage    Failure   Level
a - Shock                 Conj/Air       100%       1d9       1%          1
b - Static Discharge      Conj/Air       44%        N/A       1%          2
c - Swiftness             Air            53%        N/A       1%          3
d - Airstrike             Air            26%        N/A       1%          4
e - Ignite Poison         Fire/Tmut/Pois 6%         N/A       21%         3

Your spell library contained the following spells:

 Spells                   Type           Power      Damage    Failure   Level
 Mephitic Cloud           Conj/Pois/Air  31%        N/A       3%          3
 Conjure Flame            Conj/Fire      19%        6-21      8%          3
 Ensorcelled Hibernation  Hex/Ice        12%        N/A       10%         2
 Passwall                 Tmut/Erth      5%         N/A       10%         2
 Inner Flame              Hex/Fire       6%         N/A       21%         3
 Sticky Flame             Conj/Fire      19%        2d4       26%         4
 Olgreb's Toxic Radiance  Pois           6%         N/A       54%         4
 Eringya's Noxious Bog    Tmut/Pois      3%         N/A       100%        6


Dungeon Overview and Level Annotations

Branches:
Dungeon (8/15)             Temple (1/1) D:4          Bailey (1/1)
   Lair: D:8-11

Shops:
D:2 :

Annotations:
D:3 3 runed translucent doors, Kazon's ghost, amateur HuFi
D:4 Dowan; Duvessa
D:6 exclusion: statue


Innate Abilities, Weirdness & Mutations

You have an increased reservoir of magic. (+10% MP)
You shall have no god before yourself.
Your divine heritage dramatically boosts your attributes as you level up.


Message History

Your gnoll's corpse dissolves into shadows!
The orc warlord misses your orc warrior.
The orc warlord hits your gnoll with a +0 war axe!
Your gnoll dies!
Your gnoll's corpse dissolves into shadows!
Your orc warrior hits the orc warlord with a +0 halberd.
Your gnoll hits the orc warlord but does no damage. x2
Your orc warrior hits the orc warlord with a +0 halberd.
The orc warlord completely misses your gnoll.
The orc warlord closely misses your gnoll.
The orc warlord hits your orc warrior with a +0 war axe!!
You swap places.
Your gnoll hits the orc warlord with a +0 club.
Your gnoll hits the orc warlord but does no damage.
Your orc warrior barely misses the orc warlord.
The orc warlord hits your gnoll with a +0 war axe!!
Your gnoll dies!
Your gnoll's corpse dissolves into shadows!
The orc warlord closely misses your orc warrior.
The orc warlord hits your gnoll with a +0 war axe!
Your gnoll dies!
Your gnoll's corpse dissolves into shadows!
Your gnoll hits the orc warlord from afar with a +0 spear!
Your orc warrior closely misses the orc warlord.
Your gnoll closely misses the orc warlord.
Your orc warrior completely misses the orc warlord.
What are your orders? t - Shout!
Orders for allies: a - Attack new target. r - Retreat! s - Stop attacking. g - Guard the area. f - Follow me.
Anything else - Cancel.
Gang up on whom?
Press: ? - help, Dir - move target, f - orc warlord
Aim: an orc warlord, wielding a +0 war axe and wearing a +0 plate armour (moderately wounded, ally target) Attack!
Your gnoll hits the orc warlord from afar with a +0 spear.
Your orc warrior hits the orc warlord but does no damage.
The orc warlord hits you with a +0 war axe!!
You die...

#...8......#########........#≈≈
##......####≈≈≈#≈≈≈##......##≈≈
##)....#≈≈#≈......≈#.....##...
##....#≈.........≈#....##....
#...##≈8.8...8.8##....#.....
#...'≈≈.........#.....'.....
#...'≈≈....∩....#.....'...∩.
#...'≈≈......g..#.....'.....
#...##≈8.8.@o8.8##)...#.....
##....#≈.......o.≈#....##....
##.....#≈≈#≈....g.≈#.....##...
##.....)####≈≈≈#≈≈≈##......##≈≈
#...8..)...#########........#≈≈
#..........'.....'....8..8..#≈≈
#..........#)≈≈≈≈#..........#≈≈
##..8.)8...#≈≈≈≈≈#.........##≈≈
##.......##≈≈≈≈≈##...8...##≈≈≈


You could see an orc warlord (ally target), a friendly orc warrior (summoned)
and 2 friendly gnolls.

Vanquished Creatures
  A water moccasin (D:6)
  An ice beast (D:5)
  A black bear (D:7)
  A necrophage (D:6)
  3 ogres
  3 orc warriors
  A bullfrog (D:7)
  A gnoll sergeant (D:5)
  A wyvern zombie (D:7)
  3 scorpions
  A water moccasin zombie (D:5)
  4 wights (D:7)
  A bullfrog zombie (D:5)
  3 hounds (D:7)
  3 orc priests
  2 centaur skeletons
  3 bullfrog skeletons
  Jessica (D:2)
  6 orc wizards
  Ijyb (D:4)
  2 iguanas
  6 gnolls
  A howler monkey skeleton (D:6)
  9 adders
  A white imp (D:7)
  An adder skeleton (D:4)
  4 worms
  25 orcs
  7 bats
  6 endoplasms
  9 giant cockroaches
  7 hobgoblins
  3 jackals (D:1)
  15 kobolds
  7 quokkas
  10 ball pythons
  2 frilled lizards
  13 goblins
  4 rats
  A spectral orc (D:7)
174 creatures vanquished.

Vanquished Creatures (others)
  2 fungi (D:6)
  3 plants (D:6)
5 creatures vanquished.

Grand Total: 179 creatures vanquished

Notes
Turn   | Place    | Note
-------+----------+-------------------------------------------
     0 | D:1      | pkoi the Demigod Air Elementalist began the quest for the
                  | Orb.
     0 | D:1      | Reached XP level 1. HP: 14/14 MP: 5/5
   142 | D:1      | Reached skill level 3 in Air Magic
   492 | D:1      | Reached XP level 2. HP: 20/20 MP: 5/7
  1275 | D:1      | Reached skill level 4 in Air Magic
  1275 | D:1      | Reached XP level 3. HP: 23/26 MP: 3/8
  1487 | D:2      | Found Unewuq's Book Boutique.
  1491 | D:2      | Noticed Jessica
  1523 | D:2      | Killed Jessica
  1654 | D:2      | Reached skill level 1 in Conjurations
  1658 | D:2      | Learned a level 3 spell: Swiftness
  1981 | D:2      | Reached XP level 4. HP: 33/33 MP: 9/9
  2510 | D:3      | Noticed Kazon's ghost (amateur HuFi)
  3322 | D:3      | Learned a level 2 spell: Static Discharge
  3337 | D:3      | Found a runed translucent gate.
  3337 | D:3      | Found a runed translucent gate.
  3339 | D:3      | Found a runed translucent gate.
  3740 | D:4      | Noticed an ogre
  3853 | D:4      | Noticed Ijyb
  3869 | D:4      | Killed Ijyb
  3977 | D:4      | Found a staircase to the Ecumenical Temple.
  4004 | Temple   | Entered the Ecumenical Temple
  4332 | D:4      | Reached XP level 5. HP: 38/38 MP: 7/11
  4454 | D:4      | Noticed an ogre
  4471 | D:4      | Killed an ogre
  4472 | D:4      | Reached skill level 5 in Air Magic
  4793 | D:4      | Killed an ogre
  4794 | D:4      | Reached XP level 6. HP: 23/45 MP: 3/13
  5045 | D:4      | Learned a level 4 spell: Airstrike
  5201 | D:5      | Entered Level 5 of the Dungeon
  6139 | D:4      | Noticed Duvessa
  6139 | D:4      | Noticed Dowan
  6163 | D:5      | Reached skill level 6 in Air Magic
  6983 | D:5      | Reached XP level 7. HP: 37/50 MP: 12/14
  7412 | D:5      | Reached skill level 7 in Air Magic
 10342 | D:6      | Reached skill level 1 in Fighting
 10442 | D:6      | Reached XP level 8. HP: 59/59 MP: 7/16
 11754 | D:7      | Reached skill level 8 in Air Magic
 13503 | D:8      | Found a flagged portal.
 13520 | Bailey   | Entered a bailey
 13525 | Bailey   | Noticed an orc warlord
 14198 | Bailey   | Found a runed translucent gate.
 14198 | Bailey   | Found a runed translucent gate.
 14198 | Bailey   | Found a runed translucent gate.
 14273 | Bailey   | Reached XP level 9. HP: 61/70 MP: 19/19
 14453 | Bailey   | Learned a level 3 spell: Ignite Poison
 14645 | Bailey   | Got the Compendium of Poisoning and the Volcanoes
 14652 | Bailey   | Slain by an orc warlord

Illustrated notes

Levels and vault maps discovered:
D:1:      dpeg_arrival_renting, layout_rooms, shapermc_ecumenical_altar_venn,
          corner_web_ring
D:2:      layout_rooms, serial_shops, shop, hex_large, st_stairs_4, uniq_jessica
D:3:      layout_rooms, gammafunk_ghost_split
D:4:      layout_basic, grunt_temple_overflow_open,
          minmay_temple_entry_drinking_statues, uniq_duvessa, uniq_ijyb
D:5:      layout_layer_cave, okawaru_metal_pillars_3,
          grunt_dithmenos_smoke_and_mirrors, gup_sewer_entry_pipe, minivault_24
D:6:      old_forge, layout_layer_cave, mainiacjoe_overflow_tiny_flanked,
          vehumet_statue, minmay_holes
D:7:      layout_basic, yredelemnul_forgotten_temple_becter,
          nicolae_overflow_hidden_temple, chequers_serial_rivers_micro_e,
          minmay_misc_feat_x, minivault_25
D:8:      layout_basic, kennysheep_mini_moat, enter_bailey_7, uniq_erica
Temple:   compressed_dpeg_circular_temple
Bailey:   bailey_axe_bossmonster_kennysheep, bailey

Skill      XL: |  1  2  3  4  5  6  7  8 |
---------------+-------------------------+-----
Air Magic      | 3 4 5 6 7 8 |  8.4
Conjurations   | 1 2 3 4 |  4.6
Spellcasting   | 2 3 4 |  4.4
Dodging        | 2 3 |  3.8
Fighting       | 1 3 |  3.2
Stealth        | |  1.7

Action                   |  1- 3 |  4- 6 |  7- 9 || total
-------------------------+-------+-------+-------++-------
Melee: Unarmed           |     6 |       |       ||     6
       Punch             |     1 |     1 |     1 ||     3
       Short sword       |     3 |    28 |    54 ||    85
       Dagger            |       |    25 |    47 ||    72
 Cast: Shock             |    77 |   134 |    19 ||   230
       Static Discharge  |       |    12 |       ||    12
       Airstrike         |       |       |    98 ||    98
       Swiftness         |       |       |     1 ||     1
  Use: Scroll            |       |     4 |    13 ||    17
       Potion            |       |       |     1 ||     1
 Stab: Sleeping          |       |       |     3 ||     3
Armor: Robe              |     1 |    23 |    27 ||    51
Dodge: Dodged            |    20 |    43 |    74 ||   137
       Repelled          |     1 |       |     1 ||     2
